 Dungeon Crawl Stone Soup version 0.21.1-1-g345015f (webtiles) character file.

79174 twistedcrescendo the Warrior (level 15, -3/149 HPs)
             Began as a Minotaur Berserker on June 18, 2018.
             Was a High Priest of Trog.
             Slain by a naga
             ... wielding a +0 halberd
              (5 damage)
             ... on level 2 of the Snake Pit on June 19, 2018.
             The game lasted 02:54:56 (21036 turns).

twistedcrescendo the Warrior (Minotaur Berserker)  Turns: 21036, Time: 02:54:57

Health: -3/149     AC: 25    Str: 22    XL:     15   Next: 20%
Magic:  0/21       EV: 25    Int:  4    God:    Trog [*****.]
Gold:   1004       SH:  0    Dex: 21    Spells: 14/14 levels left

rFire    + . .     SeeInvis .   Z - +3 dire flail
rCold    + . .     Gourm    .   (shield currently unavailable)
rNeg     . . .     Faith    .   y - +2 plate armour {rPois}
rPois    +         Spirit   +   t - +0 hat
rElec    +         Reflect  .   x - +1 cloak of Starlight {rElec rC+ EV+4 Stlth--}
rCorr    .         Harm     .   M - +0 pair of gloves
MR       +++..                  O - +1 pair of boots
Stlth    ..........             q - amulet of guardian spirit
HPRegen  1.34/turn              J - ring of Ciutoos {Wiz rElec Dex+4}
MPRegen  0.17/turn              d - ring of Ysaha {rElec rPois rF+ Dex-4 Slay+5}

@: agile, lethally poisoned (-3 -> -3), berserk cooldown, regenerating, slowed,
very slow
A: retaliatory headbutt, horns 2
a: Berserk, Trog's Hand, Brothers in Arms, Burn Spellbooks, Renounce Religion


You were on level 2 of the Snake Pit.
You worshipped Trog.
Trog was extremely pleased with you.
You were not hungry.

You visited 4 branches of the dungeon, and saw 19 of its levels.
You also visited: Labyrinth.

You collected 1437 gold pieces.
You spent 433 gold pieces at shops.

Inventory:

Hand Weapons
 C - a +0 whip of freezing
 T - the +9 hunting sling of Waxesme {velocity, rPois rC+ Str+2 Stlth+}
   (Trog gifted it to you on level 1 of the Snake Pit)

   Any stone fired from it inflicts extra damage.
   It affects your strength (+2).
   It protects you from cold.
   It protects you from poison.
   It makes you more stealthy.
 Z - a +3 dire flail (weapon)
Missiles
 s - 4 poisoned javelins (quivered)
Armour
 t - a +0 hat (worn)
 x - the +1 cloak of Starlight (worn) {rElec rC+ EV+4 Stlth--}
   (You found it in a labyrinth)

   It affects your evasion (+4).
   It protects you from cold.
   It insulates you from electricity.
   It makes you much less stealthy.
 y - a +2 plate armour of poison resistance (worn)
 M - a +0 pair of gloves (worn)
 O - a +1 pair of boots (worn)
 V - a +0 large shield
Jewellery
 d - the ring of Ysaha (right hand) {rElec rPois rF+ Dex-4 Slay+5}
   (You found it on level 6 of the Lair of Beasts)

   [ring of slaying]

   It affects your dexterity (-4).
   It affects your accuracy and damage with ranged weapons and melee attacks
   (+5).
   It protects you from fire.
   It insulates you from electricity.
   It protects you from poison.
 q - an amulet of guardian spirit (around neck)
 w - an uncursed ring of protection from fire
 J - the ring of Ciutoos (left hand) {Wiz rElec Dex+4}
   (You found it in a labyrinth)

   [ring of wizardry]

   It improves your spell success rate.
   It affects your dexterity (+4).
   It insulates you from electricity.
 P - a +6 ring of dexterity
Wands
 a - a wand of paralysis (13)
 b - a wand of clouds (5)
 k - a wand of flame (55)
 K - a wand of scattershot (8)
 L - a wand of acid (11)
 Q - a wand of iceblast (15)
Scrolls
 g - 2 scrolls of immolation
 i - 8 scrolls of remove curse
 j - 3 scrolls of magic mapping
 o - 11 scrolls of teleportation
 p - 3 scrolls of blinking
 B - a scroll of summoning {unknown}
 D - 2 scrolls of noise {unknown}
 E - a scroll of fog {unknown}
 F - a scroll of holy word {unknown}
 H - 3 scrolls of identify
 I - 2 scrolls of amnesia {unknown}
 N - 2 scrolls of enchant weapon {unknown}
 S - 3 scrolls of enchant armour {unknown}
 X - 2 scrolls of random uselessness {unknown}
Potions
 e - 2 potions of berserk rage {unknown}
 f - 5 potions of brilliance
 l - a potion of flight {unknown}
 m - 5 potions of haste {unknown}
 n - 12 potions of curing
 r - 2 potions of mutation {unknown}
 u - a potion of agility
 v - 2 potions of ambrosia {unknown}
 z - a potion of cancellation {unknown}
 A - a potion of resistance {unknown}
 G - 2 potions of lignification {unknown}
 Y - 5 potions of might {unknown}
Miscellaneous
 h - a phial of floods
 W - 2 phantom mirrors
Comestibles
 c - 34 rations


   Skills:
 - Level 18.0 Fighting
 - Level 12.4 Maces & Flails
 + Level 14.2 Armour
 + Level 13.2 Dodging
 * Level 9.7 Evocations


You had 14 spell levels left.
You didn't know any spells.

Dungeon Overview and Level Annotations

Branches:
Dungeon (10/15)            Temple (0/1) D:7            Lair (6/6) D:10
  Swamp (1/4) Lair:2        Snake (2/4) Lair:3        Slime (0/5) Lair:5
    Orc: D:9-12

Altars:
Cheibriados
Dithmenos
Elyvilon
Sif Muna
Trog
Vehumet
Yredelemnul
Zin
Jiyva

Shops:
D:4 =   D:5 *   Snake:1 %   Snake:2 =}}


Innate Abilities, Weirdness & Mutations

You reflexively headbutt those who attack you in melee.
You have a pair of horns on your head.


Message History

The bolt hits you.
* * * LOW HITPOINT WARNING * * *
The naga sharpshooter shoots a bolt.
The bolt hits you.
* * * LOW HITPOINT WARNING * * *
The salamander hits you but does no damage.
The naga misses you.
You puncture the naga sharpshooter!
The naga sharpshooter is almost dead.
The naga sharpshooter shoots a bolt.
The bolt hits you!
* * * LOW HITPOINT WARNING * * *
The salamander hits you with an enchanted halberd!
* * * LOW HITPOINT WARNING * * *
You are engulfed in flames.
You resist.
* * * LOW HITPOINT WARNING * * *
The naga sharpshooter shoots a bolt.
The bolt hits you.
* * * LOW HITPOINT WARNING * * *
Your deep troll goes berserk!
You feel somewhat more hungry.
You feel sick.
The naga hits you from afar with a halberd.
You die...

# ##### #.####...## ###
##....."T..# #.##
#.....N)..# #..###
.(...NN@((## ##....####
......N!..(####.........
...........(.(..........
.............(..........
........................
.......#####..##########
....... #### # ....... #
.. #


You could see 2 naga sharpshooters, a salamander, a naga and a friendly deep
troll (berserk).

Vanquished Creatures
  The ghost of matthes123 the Warrior, an adept DsGl of Makhleb (Snake:2)
  A nagaraja (Snake:1)
  Louise (Snake:1)
  The ghost of matthes123 the Arsonist, a journeyman DrFE of Vehumet (Lair:3)
  The ghost of emiel the Cleaver, a journeyman DDGl of Makhleb (Lair:4)
  Fannar (Lair:3)
  A minotaur (Lab)
  3 naga warriors
  7 hydras
  3 catoblepae (Lair:6)
  2 anacondas
  2 centaur warriors (D:8)
  A two-headed ogre (D:7)
  13 death yaks
  The ghost of matthes123 the Impaler, a novice MfGl of Yredelemnul (D:9)
  10 naga sharpshooters
  A salamander mystic (Snake:2)
  A naga ritualist (Snake:1)
  3 mana vipers (Snake:1)
  2 manticores (Lair:6)
  3 salamanders (Snake:2)
  3 elephants (Lair:5)
  A centaur zombie (D:10)
  A guardian serpent (Snake:2)
  5 naga magi
  6 spiny frogs
  12 black mambas
  Joseph (D:9)
  11 komodo dragons
  8 rime drakes (Lair:6)
  A troll (D:10)
  2 polar bears
  A minotaur skeleton (Lab)
  Grinder (D:4)
  14 blink frogs
  6 dream sheep (Lair:6)
  11 hippogriffs
  2 redbacks (Lab)
  3 wyverns
  3 basilisks
  50 yaks
  A wraith (D:10)
  2 hungry ghosts
  Menkaure (D:5)
  11 nagas
  17 water moccasins
  7 porcupines
  2 ice beasts
  3 orc warriors
  4 sky beasts
  4 black bears
  7 ogres
  26 wolves
  4 centaurs
  13 crocodiles
  Blork the orc (D:4)
  6 bullfrogs
  A gnoll sergeant (D:9)
  A water moccasin zombie (D:7)
  A water moccasin skeleton (D:7)
  6 scorpions
  8 killer bees (D:8)
  4 wights (D:9)
  4 howler monkeys
  4 electric eels
  4 crimson imps
  4 jellies
  4 hounds
  7 orc wizards
  2 centaur skeletons
  5 orc priests
  2 bullfrog skeletons
  5 worker ants
  5 iguanas
  5 hell rats (Lair:6)
  A hound zombie (D:5)
  A hound skeleton (D:8)
  2 worker ant zombies (D:10)
  A howler monkey zombie (D:5)
  A mummy (D:8)
  Robin (D:4)
  A howler monkey skeleton (D:8)
  11 gnolls
  10 adders
  A shadow imp (D:5)
  5 oozes (D:8)
  An adder zombie (D:7)
  3 worms
  A dart slug (D:1)
  5 leopard geckos
  54 orcs
  10 bats
  4 giant cockroaches
  29 goblins
  16 hobgoblins
  11 jackals
  3 quokkas
  3 ball pythons
  4 frilled lizards
  A hobgoblin zombie (D:8)
  13 kobolds
  3 kobold zombies (D:8)
  2 leopard gecko zombies
  A quokka skeleton (D:3)
  A quokka zombie (D:5)
  6 rats
  A butterfly (D:7)
  4 fungi
  A plant (Lair:4)
594 creatures vanquished.

Vanquished Creatures (others)
  3 fungi
  6 plants
9 creatures vanquished.

Grand Total: 603 creatures vanquished

Notes
Turn   | Place    | Note
-------+----------+-------------------------------------------
     0 | D:1      | twistedcrescendo the Minotaur Berserker began the quest for the Orb.
     0 | D:1      | Reached XP level 1. HP: 19/19 MP: 0/0
   160 | D:1      | Reached XP level 2. HP: 25/26 MP: 1/1
   828 | D:2      | Reached skill level 4 in Fighting
   828 | D:2      | Reached XP level 3. HP: 19/33 MP: 2/2
  1016 | D:2      | Reached ** piety under Trog
  1016 | D:2      | Reached skill level 5 in Maces & Flails
  1309 | D:2      | Reached XP level 4. HP: 33/41 MP: 3/3
  2045 | D:3      | Noticed an ogre
  2059 | D:3      | Killed an ogre
  2059 | D:3      | Reached skill level 5 in Fighting
  2059 | D:3      | Reached XP level 5. HP: 9/48 MP: 4/4
  2311 | D:4      | Reached *** piety under Trog
  2314 | D:4      | Reached XP level 6. HP: 51/57 MP: 5/5
  2318 | D:4      | Reached skill level 6 in Fighting
  2748 | D:4      | Noticed Robin
  2758 | D:4      | Killed Robin
  2810 | D:4      | Found Eme Isku's Jewellery Emporium.
  2811 | D:4      | Noticed Grinder
  2824 | D:4      | Killed Grinder
  2824 | D:4      | Reached skill level 7 in Fighting
  2824 | D:4      | Reached XP level 7. HP: 66/66 MP: 6/6
  3113 | D:4      | Noticed Blork the orc
  3122 | D:4      | Killed Blork the orc
  3178 | D:4      | Reached **** piety under Trog
  3381 | D:4      | Found a snail-covered altar of Cheibriados.
  3385 | D:4      | Found a radiant altar of Vehumet.
  3385 | D:4      | Found a glowing silver altar of Zin.
  3386 | D:4      | Found a deep blue altar of Sif Muna.
  3387 | D:4      | Found a basalt altar of Yredelemnul.
  3389 | D:4      | Found a white marble altar of Elyvilon.
  3486 | D:5      | Entered Level 5 of the Dungeon
  3498 | D:5      | Reached skill level 8 in Fighting
  3569 | D:5      | Found Sieqah's Assorted Antiques.
  3591 | D:5      | Reached XP level 8. HP: 47/75 MP: 7/7
  3705 | D:5      | Noticed Menkaure
  3720 | D:5      | Killed Menkaure
  3842 | D:5      | Reached skill level 9 in Fighting
  3893 | D:5      | Found a shadowy altar of Dithmenos.
  3923 | D:5      | Found a bloodstained altar of Trog.
  4223 | D:5      | Bought a smelly ring mail for 153 gold pieces
  4223 | D:5      | Identified the cursed +0 ring mail of the Good {Int+6} (You bought it in a shop on level 5 of the Dungeon)
  4357 | D:6      | Reached skill level 10 in Maces & Flails
  4646 | D:6      | Reached skill level 10 in Fighting
  5096 | D:7      | Reached XP level 9. HP: 76/86 MP: 8/8
  5391 | D:7      | Reached skill level 11 in Fighting
  5416 | D:7      | HP: 2/89 [water moccasin skeleton (7)]
  5825 | D:7      | Found a staircase to the Ecumenical Temple.
  6063 | D:8      | Noticed a centaur warrior
  6080 | D:8      | Killed a centaur warrior
  6080 | D:8      | Reached skill level 12 in Fighting
  6200 | D:8      | Reached ***** piety under Trog
  6223 | D:8      | Reached XP level 10. HP: 97/97 MP: 9/9
  6306 | D:8      | Noticed a centaur warrior
  6316 | D:8      | HP: 3/99 [centaur warrior/arrow (18)]
  6327 | D:8      | Killed a centaur warrior
  6327 | D:8      | Reached skill level 13 in Fighting
  6330 | D:8      | HP: 7/151 [orc/hand axe (2)]
  7053 | D:8      | Noticed a two-headed ogre
  7090 | D:8      | HP: 1/102 [two-headed ogre/dire flail (9)]
  7364 | D:7      | Killed a two-headed ogre
  7364 | D:7      | Reached skill level 14 in Fighting
  7697 | D:9      | Received a gift from Trog
  7813 | D:9      | Noticed Joseph
  7828 | D:9      | Killed Joseph
  8237 | D:9      | Noticed matthes123's ghost (novice MfGl)
  8249 | D:9      | HP: 7/156 [matthes123's ghost (20)]
  8249 | D:9      | HP: 1/156 [matthes123's ghost (6)]
  8250 | D:9      | Killed matthes123's ghost
  8250 | D:9      | Reached skill level 5 in Armour
  8250 | D:9      | Reached XP level 11. HP: 1/111 MP: 10/10
  8983 | D:10     | Entered Level 10 of the Dungeon
  9001 | D:10     | Reached skill level 5 in Dodging
  9754 | D:10     | Found a staircase to the Lair.
  9944 | Lair:1   | Entered Level 1 of the Lair of Beasts
 11295 | Lair:2   | Found a labyrinth entrance.
 11347 | Lab      | Entered a labyrinth
 12100 | Lab      | Reached skill level 15 in Fighting
 12425 | Lab      | Noticed a minotaur
 12429 | Lab      | Killed a minotaur
 12478 | Lab      | Found the +1 cloak of Starlight {rElec rC+ EV+4 Stlth--}
 12512 | Lab      | Lost intelligence.
 12534 | Lab      | Got a vibrating lapis lazuli ring
 12535 | Lab      | Identified the ring of Ciutoos {Wiz rElec Dex+4} (You found it in a labyrinth)
 12656 | Lair:2   | Found a staircase to the Swamp.
 12665 | Swamp:1  | Entered Level 1 of the Swamp
 12724 | Lair:2   | Reached skill level 1 in Evocations
 12748 | Lair:2   | Reached XP level 12. HP: 100/121 MP: 11/11
 13291 | Lair:3   | Noticed a seven-headed hydra
 13299 | Lair:3   | Killed a seven-headed hydra
 13333 | Lair:3   | Noticed Fannar
 13344 | Lair:3   | Noticed matthes123's ghost (journeyman DrFE)
 13357 | Lair:3   | Killed Fannar
 13371 | Lair:3   | Killed matthes123's ghost
 13371 | Lair:3   | Reached skill level 10 in Armour
 13467 | Lair:3   | Received a gift from Trog
 13529 | Lair:3   | Found a staircase to the Snake Pit.
 13880 | Lair:3   | Reached skill level 16 in Fighting
 14467 | Lair:4   | Reached skill level 10 in Dodging
 14517 | Lair:4   | Received a gift from Trog
 14581 | Lair:4   | Noticed a seven-headed hydra
 14587 | Lair:4   | Killed a seven-headed hydra
 14587 | Lair:4   | Reached XP level 13. HP: 129/129 MP: 15/15
 14712 | Lair:4   | Noticed emiel's ghost (journeyman DDGl)
 14723 | Lair:4   | Killed emiel's ghost
 14723 | Lair:4   | Reached skill level 5 in Evocations
 15719 | Lair:5   | Found a basalt altar of Yredelemnul.
 16365 | Lair:5   | Found a viscous altar of Jiyva.
 16366 | Lair:5   | Found a staircase to the Slime Pits.
 16544 | Lair:6   | Entered Level 6 of the Lair of Beasts
 16752 | Lair:6   | Received a gift from Trog
 16756 | Lair:6   | Reached skill level 17 in Fighting
 16876 | Lair:6   | Got a clouded bone ring
 16877 | Lair:6   | Identified the ring of Ysaha {rElec rPois rF+ Dex-4 Slay+5} (You found it on level 6 of the Lair of Beasts)
 16945 | Lair:6   | Reached XP level 14. HP: 51/140 MP: 7/18
 18767 | Snake:1  | Entered Level 1 of the Snake Pit
 18779 | Snake:1  | Found Tafeif's Food Shop.
 18785 | Snake:1  | Bought a ration for 70 gold pieces
 18785 | Snake:1  | Bought a ration for 70 gold pieces
 18785 | Snake:1  | Bought a ration for 70 gold pieces
 18785 | Snake:1  | Bought a ration for 70 gold pieces
 18790 | Snake:1  | Noticed a nagaraja
 18794 | Snake:1  | Received a gift from Trog
 18806 | Snake:1  | Killed a nagaraja
 19733 | Snake:1  | Received a gift from Trog
 19734 | Snake:1  | Got a transparent hunting sling {god gift}
 19829 | Snake:1  | Reached skill level 18 in Fighting
 19901 | Snake:1  | Noticed Louise
 19923 | Snake:1  | Killed Louise
 19925 | Snake:1  | Identified the +9 hunting sling of Waxesme {velocity, rPois rC+ Str+2 Stlth+} (Trog gifted it to you on level 1 of the Snake Pit)
 20200 | Snake:2  | Noticed matthes123's ghost (adept DsGl)
 20212 | Snake:2  | Killed matthes123's ghost
 20366 | Snake:2  | Reached XP level 15. HP: 149/149 MP: 20/20
 20944 | Snake:2  | Found Qaeleak's Gadget Emporium.
 20946 | Snake:2  | Found Ruudd's Jewellery Shop.
 20947 | Snake:2  | Found Qepimem's Gadget Emporium.
 21035 | Snake:2  | HP: 6/149 [salamander/enchanted halberd (4)]
 21035 | Snake:2  | HP: 1/149 [naga sharpshooter/bolt (5)]
 21036 | Snake:2  | Slain by a naga

Skill      XL: |  1  2  3  4  5  6  7  8  9 10 11 12 13 14 15 |
---------------+----------------------------------------------+-----
Maces & Flails | 4 5 6 7 8 10 12 | 12.4
Fighting       | 4 5 7 8 10 12 14 15 16 17 18 | 18.0
Armour         | 5 9 11 12 13 14 | 14.2
Dodging        | 4 8 10 11 12 13 | 13.2
Evocations     | 1 4 7 9 |  9.7

Action                   |  1- 3 |  4- 6 |  7- 9 | 10-12 | 13-15 || total
-------------------------+-------+-------+-------+-------+-------++-------
Melee: Mace              |    72 |   125 |   309 |    98 |       ||   604
       Headbutt          |    12 |    20 |    74 |   178 |   218 ||   502
       Flail             |       |       |       |   113 |       ||   113
       Dire flail        |       |       |       |   413 |   627 ||  1040
Throw: Tomahawk          |       |       |     8 |    15 |     9 ||    32
Invok: Trog's Hand       |       |     3 |     4 |     7 |     7 ||    21
       Berserk           |       |     3 |     5 |    12 |    14 ||    34
       Burn Spellbooks   |       |       |       |       |     3 ||     3
       Brothers in Arms  |       |       |       |       |     1 ||     1
Evoke: Wand              |       |       |       |     1 |     1 ||     2
       Sack of spiders   |       |       |       |       |     1 ||     1
  Use: Scroll            |       |     3 |     2 |    11 |     4 ||    20
       Potion            |       |       |     2 |     4 |     4 ||    10
 Stab: Sleeping          |     1 |       |       |       |       ||     1
  Eat: Chunk             |     1 |     8 |    15 |    26 |    10 ||    60
       Ration            |       |       |     1 |     5 |     8 ||    14
Armor: Animal skin       |     5 |       |       |       |       ||     5
       Chain mail        |    17 |    78 |    36 |       |       ||   131
       Leather armour    |       |       |    49 |    54 |       ||   103
       Plate armour      |       |       |       |   147 |   246 ||   393
Dodge: Dodged            |    44 |    58 |   148 |   380 |   444 ||  1074
